 Dungeon Crawl Stone Soup version 0.23.1-44-gbd83930989 (webtiles) character file.

Game seed: 620705120337491152

3313 Peloso the Carver (level 9, -7/78 HPs)
             Began as a Minotaur Fighter on Mar 31, 2019.
             Mangled by an orc knight
             ... wielding a +0 glaive
              (14 damage)
             ... in a bailey.
             The game lasted 00:20:06 (6516 turns).

Peloso the Carver (Minotaur Fighter)                Turns: 6516, Time: 00:20:06

Health: -7/78      AC: 17    Str: 26    XL:     9   Next: 70%
Magic:  8/8        EV:  7    Int:  5    God:
Gold:   257        SH: 12    Dex: 12    Spells: 8/8 levels left

rFire    + . .     SeeInvis .   a - +1 long sword
rCold    . . .     Gourm    .   c - +0 shield
rNeg     . . .     Faith    .   s - +0 plate armour
rPois    .         Spirit   .   E - +1 hat
rElec    .         Reflect  .   (no cloak)
rCorr    .         Harm     .   g - +0 pair of gloves
MR       .....                  p - +0 pair of boots
Stlth    ..........             (no amulet)
HPRegen  0.23/turn              m - ring of protection from fire
MPRegen  0.11/turn              w - +4 ring of strength

@: no status effects
A: retaliatory headbutt, horns 2
a: no special abilities


You were in a bailey.
You were not hungry.

You visited 1 branch of the dungeon, and saw 7 of its levels.
You also visited: Bailey.

You collected 257 gold pieces.

Inventory:

Hand Weapons
 a - a +1 long sword (weapon)
 q - a +1 war axe of flaming
Armour
 b - a +0 scale mail
 c - a +0 shield (worn)
 g - a +0 pair of gloves (worn)
 p - a +0 pair of boots (worn)
 s - a +0 plate armour (worn)
 E - a +1 hat (worn)
Jewellery
 e - an uncursed ring of fire {unknown}
 i - the ring "Noaz" {Ice *Drain rPois Int+8 SInv}
   (You took it off a gnoll on level 4 of the Dungeon)

   [ring of ice]

   It enhances your ice magic.
   It affects your intelligence (+8).
   It makes you vulnerable to fire.
   It protects you from cold.
   It protects you from poison.
   It lets you see invisible.
   It causes draining when unequipped.
 m - a ring of protection from fire (left hand)
 v - an uncursed ring of positive energy
 w - a +4 ring of strength (right hand)
Wands
 d - a wand of clouds (1)
Scrolls
 h - 2 scrolls of identify
 j - a scroll of teleportation
 l - a scroll of amnesia
 t - 3 scrolls of blinking
 u - 3 scrolls of remove curse
 y - 3 scrolls of enchant weapon
 F - a scroll of fog {unknown}
Potions
 k - 2 potions of flight
 n - a potion of ambrosia
 o - a potion of agility
 r - a potion of heal wounds
 z - a potion of mutation
 A - 4 potions of curing
 B - a potion of lignification {unknown}
 C - a potion of brilliance {unknown}
Comestibles
 f - 7 rations


   Skills:
 + Level 6.8 Fighting
 + Level 9.8 Long Blades
 + Level 8.6 Armour
 + Level 2.2 Dodging
 + Level 0.4 Stealth
 + Level 9.5 Shields
 + Level 0.6 Evocations


You had 8 spell levels left.
You didn't know any spells.
Your spell library contained the following spells:

 Spells                   Type           Power        Failure   Level  Hunger
 Animate Skeleton         Necr           N/A          100%        1    ##.....
 Corona                   Hex            #......      100%        1    ##.....
 Pain                     Necr           #...         100%        1    ##.....
 Summon Small Mammal      Summ           #...         100%        1    ##.....
 Call Imp                 Summ           #.......     100%        2    ###....
 Slow                     Hex            #.......     100%        2    ###....
 Call Canine Familiar     Summ           #.......     100%        3    ####...
 Inner Flame              Hex/Fire       #.......     100%        3    ####...
 Portal Projectile        Hex/Tloc       #.....       100%        3    ####...
 Regeneration             Chrm/Necr      #.........   100%        3    ####...
 Summon Guardian Golem    Hex/Summ       #.......     100%        3    ####...
 Vampiric Draining        Necr           #.........   100%        3    ####...
 Animate Dead             Necr           N/A          100%        4    #####..
 Cause Fear               Hex            #.........   100%        4    #####..
 Leda's Liquefaction      Hex/Erth       #.........   100%        4    #####..
 Summon Ice Beast         Ice/Summ       #.......     100%        4    #####..
 Summon Lightning Spire   Summ/Air       #.......     100%        4    #####..


Dungeon Overview and Level Annotations

Branches:
Dungeon (7/15)             Temple (0/1) D:7

Altars:
Ashenzari

Shops:
D:5 =


Innate Abilities, Weirdness & Mutations

You reflexively headbutt those who attack you in melee.
You have a pair of horns on your head.


Message History

The orc warrior goes into a battle-frenzy!
You closely miss the orc knight.
The orc knight is lightly wounded.
The orc warrior hits you from afar with a +0 trident!!
The orc knight hits you with a +0 glaive!
* * * LOW HITPOINT WARNING * * *
You hit the orc knight. Your headbutt misses the orc knight.
The orc knight is lightly wounded.
The orc warrior hits you from afar with a +0 trident.
* * * LOW HITPOINT WARNING * * *
You slash the orc knight!
The orc knight is moderately wounded.
The orc warrior hits you from afar with a +0 trident.
* * * LOW HITPOINT WARNING * * *
You block the orc knight's attack.
You closely miss the orc knight. Your headbutt misses the orc knight.
The orc knight is moderately wounded.
The orc warrior splashes around in the water.
The orc knight hits you with a +0 glaive!
You die...

......≈..^. ≈≈≈≈≈≈
≈≈≈≈≈≈≈≈..^)
......≈##.∩#≈≈≈≈≈
≈≈≈≈≈≈≈#∩.#
......≈≈#.#≈
≈≈≈≈#######≈≈≈≈≈≈#.#
......≈≈≈
##o≈≈≈##≈≈≈≈≈≈≈≈≈
......≈≈
##≈o≈≈≈##≈≈≈≈≈≈≈≈≈
......≈≈
##≈≈#o''##≈≈≈≈≈≈≈≈≈
......≈≈
#o≈##oo∩##≈≈##≈≈≈≈≈
......≈≈
#o####o####≈##≈≈≈≈≈
......≈≈
#≈@[#.o.#)'≈##≈≈≈≈≈
......≈≈
#≈###._.###≈##≈≈≈≈≈
......≈≈
#≈')#).:#)'≈##≈≈≈≈≈
......≈≈
#≈#########≈##≈≈≈≈≈
(.....≈≈
#≈≈##)#)##≈≈#≈≈≈≈≈≈
(.....≈≈
##≈≈#'#'#≈≈##≈≈≈≈≈≈
(.....≈≈≈
##≈≈≈≈≈≈≈##≈≈≈≈≈≈≈
......≈≈≈
#########≈≈≈≈≈≈≈≈
......≈≈#
###≈≈≈≈≈≈≈≈#.#


You could see an orc knight and an orc warrior.

Vanquished Creatures
  Sigmund (D:6)
  Duvessa (D:4)
  9 orc warriors
  2 phantoms
  A black bear (D:6)
  A sky beast (D:5)
  4 ogres
  A centaur (D:6)
  Blork the orc (D:6)
  A bullfrog (D:6)
  Dowan (D:4)
  A scorpion (D:7)
  4 crimson imps
  A quasit (D:6)
  A jelly (D:5)
  2 hounds (D:4)
  A gnoll shaman (D:4)
  2 orc priests
  7 orc wizards
  A bullfrog skeleton (D:6)
  A centaur skeleton (D:5)
  Ijyb (D:5)
  An iguana (D:6)
  4 worker ants
  10 adders
  19 gnolls
  5 worms
  3 dart slugs
  6 leopard geckos
  37 orcs
  9 bats
  3 giant cockroaches
  9 goblins
  8 hobgoblins
  9 jackals
  A quokka (D:5)
  A ball python (D:3)
  8 frilled lizards
  2 jackal skeletons (D:4)
  9 kobolds
  6 rats
195 creatures vanquished.

Notes
Turn   | Place    | Note
-------+----------+-------------------------------------------
     0 | D:1      | Peloso the Minotaur Fighter began the quest for the Orb.
     0 | D:1      | Reached XP level 1. HP: 19/19 MP: 0/0
   362 | D:1      | Reached XP level 2. HP: 27/27 MP: 1/1
   563 | D:1      | Reached XP level 3. HP: 33/33 MP: 2/2
  1190 | D:2      | Reached XP level 4. HP: 37/40 MP: 3/3
  1309 | D:2      | Reached skill level 1 in Dodging
  1657 | D:3      | Reached XP level 5. HP: 46/46 MP: 4/4
  2300 | D:4      | Noticed a phantom
  2312 | D:4      | Reached skill level 5 in Armour
  2371 | D:4      | Noticed Duvessa
  2611 | D:4      | Noticed Dowan
  2614 | D:4      | Killed Duvessa
  2614 | D:4      | Reached skill level 5 in Long Blades
  2614 | D:4      | Reached XP level 6. HP: 39/53 MP: 5/5
  2761 | D:4      | Killed Dowan
  2761 | D:4      | Reached skill level 5 in Shields
  2834 | D:4      | Reached XP level 7. HP: 23/60 MP: 6/6
  3087 | D:4      | Identified the ring "Noaz" {Ice *Drain rPois Int+8 SInv}
  3410 | D:4      | Found a shattered altar of Ashenzari.
  3415 | D:4      | Reached skill level 5 in Fighting
  3496 | D:5      | Entered Level 5 of the Dungeon
  3496 | D:5      | Found Siteed's Jewellery Shoppe.
  3552 | D:5      | Reached XP level 8. HP: 63/68 MP: 7/7
  4103 | D:5      | Noticed Ijyb
  4122 | D:5      | Killed Ijyb
  4641 | D:6      | Noticed Sigmund
  4658 | D:6      | Killed Sigmund
  4916 | D:6      | Reached XP level 9. HP: 70/75 MP: 8/8
  5011 | D:6      | Noticed Blork the orc
  5017 | D:6      | Killed Blork the orc
  5646 | D:7      | Found a flagged portal.
  5726 | Bailey   | Entered a bailey
  6493 | Bailey   | Found a roughly hewn altar of Beogh.
  6493 | Bailey   | Noticed an orc knight
  6516 | Bailey   | Mangled by an orc knight

Skill      XL: |  1  2  3  4  5  6  7  8  9 |
---------------+----------------------------+-----
Fighting       | 4 5 6 |  6.8
Armour         | 4 5 6 7 8 |  8.6
Long Blades    | 3 4 5 6 7 8 9 |  9.8
Dodging        | 1 2 |  2.2
Shields        | 4 5 6 8 9 |  9.5
Stealth        | |  0.4
Evocations     | |  0.6

Action                   |  1- 3 |  4- 6 |  7- 9 || total
-------------------------+-------+-------+-------++-------
Melee: Long sword        |   120 |   164 |   327 ||   611
       Headbutt          |    16 |    32 |    91 ||   139
Evoke: Wand              |       |       |     8 ||     8
  Use: Scroll            |       |     2 |    12 ||    14
       Potion            |       |     2 |     2 ||     4
  Eat: Chunk             |       |     6 |    13 ||    19
Armor: Scale mail        |    52 |     3 |       ||    55
       Plate armour      |       |   117 |   156 ||   273
Dodge: Dodged            |    31 |    39 |    69 ||   139
Block: Shield            |    55 |   111 |   202 ||   368
       Rpst.: Long sword |     8 |     9 |    14 ||    31
